Map: Moondance

Players

Reaper - Winner!

  • Race: Zerg Zerg
  • Spawn Location: 6:00

LunaSea

  • Race: Protoss Protoss
  • Spawn Location: 12:00

Event: DreamHack SC2 Masters 2022 Atlanta (Offline)

VOD

Have the link to the VOD?

Description

Time

  • Played on: Nov. 18, 2022, 1:37 p.m.
  • Length: 4:58

All games in this series

Show
View Real Time Build Order
Export as new Build Order

Reaper Zerg - Winner!

Build Orders: Pool First, Ravager All-In 

Get SALT Encoding   

  12  0:16  Spawning Pool  
  11  0:22  Drone  
  11  0:25  Drone  
  13  0:31  Drone  
  14  0:41  Overlord  
  14  1:03  Zergling x2  
  14  1:04  Zergling x2  
  16  1:05  Zergling x2  
  17  1:18  Hatchery  
  16  1:36  Roach Warren  
  16  1:38  Extractor x2  
  13  1:42  Overlord  
  12  2:16  Roach  
  12  2:21  Roach  
  16  2:24  Roach  
  16  2:28  Roach  
  19  2:38  Roach  
  21  2:48  Zergling x2  
  22  2:58  Ravager  
  23  3:00  Zergling x2  
  24  3:05  Ravager  
  24  3:10  Overlord  
  25  3:16  Ravager  
  25  3:45  Ravager  
  26  3:49  Ravager  
  26  3:58  Roach x2  
  26  4:06  Roach  
  28  4:26  Drone x2  
  29  4:54  Spore Crawler  
Show
View Real Time Build Order
Export as new Build Order

LunaSea Protoss 

Build Orders:  

Get SALT Encoding   

  12  0:00  Probe  
  13  0:12  Probe  
  14  0:17  Pylon  
  14  0:24  Probe (Chrono Boost)  
  15  0:36  Probe (Chrono Boost)  
  15  0:38  Gateway  
  16  0:45  Probe (Chrono Boost)  
  16  0:47  Assimilator  
  17  0:51  Probe  
  18  0:59  Pylon  
  18  1:13  Pylon  
  18  1:22  Forge  
  18  1:24  Zealot (Chrono Boost)  
  18  1:27  Cybernetics Core  
  19  1:34  Probe  
  20  1:42  Zealot (Chrono Boost)  
  20  1:46  Pylon  
  22  1:54  Photon Cannon  
  21  2:05  Photon Cannon  
  18  2:19  Probe  
  21  2:32  Probe  
  22  2:37  Adept  
  22  2:44  Probe  
  23  2:51  Nexus  
  23  2:56  Probe  
  24  3:10  Shield Battery  
  25  3:17  Photon Cannon  
  25  3:18  Shield Battery  
  25  3:23  Gateway  
  25  3:30  Photon Cannon  
  25  3:32  Stalker  
  14  4:02  Stalker (Chrono Boost)  
Tags
 
Add a new tag
Caveats
  • Supply blocks, unpowered buildings, or Contaminate may cause inaccurate times.
  • Supply counts are checked every 10 seconds.